 Dungeon Crawl Stone Soup version 0.31-a0-1626-g5cb510d322 (webtiles) character file.

Game seed: 1101395841529811233

340 Malachi the Trooper (level 6, -6/99 HPs)
             Began as an Oni Shapeshifter on Jan 12, 2024.
             Mangled by Duvessa
             ... wielding a +0 rapier
              (19 damage)
             ... on level 4 of the Dungeon.
             The game lasted 00:03:34 (3280 turns).

Malachi the Trooper (Oni Shapeshifter)              Turns: 3280, Time: 00:03:34

Health: -6/99      AC: 23    Str: 21    XL:     6   Next: 56%
Magic:  6/6        EV:  1    Int: 11    God:
Gold:   234        SH:  0    Dex:  8    Spells: 5/5 levels left

rFire   . .          .
                       - Unarmed
rCold   . . .        (no shield)
rNeg    . . .        a - melded +0 animal skin
rPois   +            (helmet currently unavailable)
rElec   .            (cloak currently unavailable)
rCorr   .            (gloves unavailable)
SInv    .            (boots unavailable)
Will    .....        (no amulet)
Stlth   +            (no ring)
HPRegen 0.36/turn    (no ring)
MPRegen 0.10/turn

%: no passive effects
@: lit by a corona, tree-form, glowing
A: stationary, stasis, torment immunity, boosted hp, large, unfitting armour,
(horns 1), (tough skin 1), double potion healing, drunken brawling
a: no special abilities


You were on level 4 of the Dungeon.
You were a tree.
You visited 1 branch of the dungeon, and saw 4 of its levels.

You collected 234 gold pieces.

Inventory:

Hand Weapons
 o - a +3 flail
Armour
 a - a +0 animal skin (melded)
Talismans
 c - a beast talisman
 d - a flux talisman
Scrolls
 e - a scroll of teleportation
 p - a scroll of poison
Potions
 g - a potion of experience {unknown}
 i - a potion of enlightenment {unknown}
 j - a potion of curing {unknown}
 l - a potion of degeneration {unknown}
 n - a potion of brilliance {unknown}


   Skills:
 + Level 5.0 Fighting
 - Level 2.0 Dodging
 + Level 4.2 Unarmed Combat
 + Level 4.4 Shapeshifting


You had 5 spell levels left.
You didn't know any spells.
Your spell library contained the following spells:

 Spells                   Type           Power      Damage    Failure   Level
 Blink                    Tloc           0%         N/A       47%         2
 Lesser Beckoning         Tloc           0%         N/A       47%         2
 Momentum Strike          Conj/Tloc      0%         3d8       47%         2
 Anguish                  Hex/Necr       0%         N/A       98%         4
 Cause Fear               Hex            0%         N/A       98%         4
 Enfeeble                 Hex            0%         N/A       100%        7


Dungeon Overview and Level Annotations

Branches:
Dungeon (4/15)
 Temple: D:4-7

Altars:
Kikubaaqudgha

Annotations:
D:4 Duvessa


Innate Abilities, Weirdness & Mutations

You are a tree.
Your roots penetrate the ground, keeping you stationary.
You cannot be teleported.
You are immune to unholy pain and torment.
Your maximum health is greatly increased.
Your equipment is partially melded.
You are too large for most types of armour.
((You have a pair of small horns on your head.))
((You have tough skin. (AC +1)))
You gain doubled healing and magic from potions.
Whenever you drink a healing potion, you attack all around you.


Message History

Unknown command.
You are too injured to fight recklessly!
Unknown command.
You are too injured to fight recklessly!
You are too injured to fight recklessly!
Unknown command.
You are too injured to fight recklessly!
You smack Dowan!
Dowan is severely wounded.
Duvessa says, "Where magic fails, the sword succeeds!"
Duvessa hits you but does no damage.
The scorpion stings you but does no damage.
The hobgoblin hits you. Dowan casts a spell at you.
The puff of flame hits you but does no damage.
You smack Dowan!
You kill Dowan!
Duvessa screams, "No!
How DARE you!"
Duvessa goes berserk!
Duvessa hits you with a +0 rapier! The scorpion stings you.
The hobgoblin hits you but does no damage.
Duvessa hits you with a +0 rapier!
* * * LOW HITPOINT WARNING * * *
Your Fighting skill increases to level 5!
You closely miss Duvessa.
Duvessa is severely wounded.
The scorpion stings you but does no damage.
The hobgoblin hits you but does no damage.
Duvessa hits you with a +0 rapier!
* * * LOW HITPOINT WARNING * * *
The scorpion stings you but does no damage.
You smack Duvessa!
Duvessa is almost dead.
Duvessa hits you but does no damage.
The hobgoblin hits you but does no damage.
The scorpion completely misses you.
You barely miss Duvessa.
Duvessa is almost dead.
Duvessa hits you with a +0 rapier!!
You die...

... ...######
.........
........###
..........## #.#
........#..# #.#
..!...gs##.#
#.###
......)♣##.####
#...#
.......e##....##
#...#
........#####..##
#...# .!......#
##..###...#
#########
##...'...#
..........#...#
#########.#..##
..#..###
####....#


You could see Duvessa (berserk), a scorpion and a hobgoblin.

Vanquished Creatures
  A phantom (D:4)
  Dowan (D:4)
  A bombardier beetle (D:3)
  Terence (D:2)
  7 gnolls (D:3)
  2 adders
  2 dart slugs
  A ribbon worm (D:4)
  3 orcs (D:3)
  4 bats
  7 endoplasms
  3 giant cockroaches (D:2)
  3 hobgoblins
  5 quokkas
  5 ball pythons
  5 frilled lizards
  5 goblins
  3 kobolds
  8 rats
67 creatures vanquished.

Vanquished Creatures (others)
  A human (D:3)
1 creature vanquished.

Grand Total: 68 creatures vanquished

Notes
Turn   | Place    | Note
-------+----------+-------------------------------------------
     0 | D:1      | Malachi the Oni Shapeshifter began the quest for the Orb.
     0 | D:1      | Reached XP level 1. HP: 19/19 MP: 1/1
   188 | D:1      | Reached XP level 2. HP: 28/28 MP: 2/2
   358 | D:1      | Reached skill level 2 in Fighting
   850 | D:2      | Reached XP level 3. HP: 36/36 MP: 3/3
   905 | D:2      | Noticed Terence
   923 | D:2      | Killed Terence
  1186 | D:2      | Reached skill level 3 in Fighting
  1253 | D:2      | Reached XP level 4. HP: 44/45 MP: 4/4
  1726 | D:3      | Reached XP level 5. HP: 35/54 MP: 5/5
  1972 | D:3      | Found an ancient bone altar of Kikubaaqudgha.
  1976 | D:3      | Noticed a human
  1977 | D:3      | Killed a human
  2042 | D:3      | Found a faded altar of an unknown god.
  2191 | D:3      | Reached skill level 4 in Fighting
  3253 | D:4      | Noticed a phantom
  3255 | D:4      | Noticed Duvessa
  3255 | D:4      | Noticed Dowan
  3265 | D:4      | Killed a phantom
  3266 | D:4      | Reached XP level 6. HP: 61/63 MP: 6/6
  3277 | D:4      | Killed Dowan
  3278 | D:4      | Reached skill level 5 in Fighting
  3280 | D:4      | Mangled by Duvessa

Illustrated notes

Levels and vault maps discovered:
D:1:      tekkud_arrival_beachfront_property, layout_loops_ring,
          ebering_dispersal_statue_hall, minmay_misc_feat_doors
D:2:      layout_basic, minivault_11, amcnicky_mini_pool_small, uniq_terence
D:3:      minmay_diamond_boxcup, layout_basic, tgw_kikubaaqudgha,
          hellmonk_ecumenical_altar_prayer_group, minivault_27, hex_large
D:4:      layout_basic, mainiacjoe_overflow_concentric_impassable,
          minmay_temple_entry_gardened_gates, uniq_duvessa, uniq_menkaure

Skill      XL: |  1  2  3  4  5  6 |
---------------+-------------------+-----
Dodging        | 2 |  2.0
Fighting       | 2 3 4 5 |  5.0
Unarmed Combat | 3 4 |  4.2
Shapeshifting  | 4 |  4.4

Action                     |  1- 3 |  4- 6 || total
---------------------------+-------+-------++-------
  Melee: Unarmed           |    77 |   112 ||   189
         Headbutt          |    13 |    14 ||    27
         Punch             |     2 |     4 ||     6
    Use: Scroll            |       |     4 ||     4
         Potion            |       |     3 ||     3
   Stab: Sleeping          |     1 |       ||     1
 Armour: Animal skin       |    42 |    70 ||   112
         Skin              |       |    58 ||    58
  Dodge: Dodged            |    27 |    63 ||    90

Table legend: (Time is in decaauts)
 A = Elapsed time spent in this place.
 B = Non-inter-level travel time spent in this place.
 C = Inter-level travel time spent in this place.
 D = Time resting spent in this place.
 E = Time spent auto-exploring this place.
 F = Levels seen in this place.
 G = Mean time per level.
                   A        B        C        D        E       F      G
               +--------+--------+--------+--------+--------+-----+--------+
         Total |   3268 |   3138 |    130 |    828 |   1889 |   4 |  817.0 |
       Dungeon |   3268 |   3138 |    130 |    828 |   1889 |   4 |  817.0 |
               +--------+--------+--------+--------+--------+-----+--------+

Top non-repeatable levels by time:
     D:3: 1118 daAuts
     D:1: 825 daAuts
     D:2: 810 daAuts
     D:4: 513 daAuts
